 BcadrenCrawl: Boulder Brew version 0.06-688-g08e91b2d95 (webtiles) character file.

Game seed: 15124763708175052930

2652 Leeroy the Quickloader (level 9, -2/89 HPs) Tengu Centaur. Began on Jan 22, 2023. Was a Follower of Fedhas Madash. Slain by a harpy skeleton (4 damage) ... on level 4 of the Dungeon. The game lasted 00:24:26 (5487 turns).

Leeroy the Quickloader (Tengu Centaur)              Turns: 5487, Time: 00:24:26

Health: -2/89      AC:  5    Str: 18    XL:     9 ^: 1739
Magic:  10/10      EV: 16    Int: 12    God:    Fedhas Madash [1* [45]]
Gold:   173        SH:  0    Dex: 12    Spells: 4/8 levels left

rFire    x . .     Slash    x   a - +0 hand crossbow (freeze)
rCold    + . .     Pierce   .   f - +2 dagger (molten)
rNeg     . . .     Bludgeon .   c - +0 leather armour
rCorr    . . .     Vision   .   (helmet restricted)
rPois    .         Gourm    .   (no cloak)
rElec    .         Faith    .   r - +0 pair of gloves
MR       .....     Spirit   .   (no barding)
HPRegen  0.79/turn Reflect  .   m - amulet of regeneration
MPRegen  0.20/turn Harm     .   h - ring of ice
Stlth    +.........             u - ring of slaying

@: flying quickly and evasively, drained, very quick
A: large, beak, hippogriff form, talons, deformed body 1, speed 2, tengu flight,
soft flesh, AC +3
a: Stop Flying, Fungal Bloom, Sunlight, Renounce Religion


You were on level 4 of the Dungeon.
You worshipped Fedhas Madash.
Fedhas Madash was aware of your devotion.
You were very hungry.

You visited 2 branches of the dungeon, and saw 6 of its levels.

You collected 173 gold pieces.

Inventory:

Weapons
 a - a +0 hand crossbow of freezing (weapon)
 b - a +0 short sword
 f - a +2 dagger of molten steel (weapon)
 j - a cursed +1 dagger of caustic ooze {(Curse: *Slow)}
 C - a cursed +2 morningstar of protection {(Curse: rF-)}
 H - the +7 hatchet of Sunitaig {antimagic, +Inv MP+9}
   (You found it on level 4 of the Dungeon)

   It reduces the magical energy of the wielder, and disrupts the spells and
   magical abilities of those hit.
   Natural abilities and divine invocations are not affected.
   It affects your magic capacity (+9).
   It lets you turn invisible.
   Shields
 p - a cursed +0 nunchaku {(Curse: MR-)}
 q - a +0 heater shield
Armour
 c - a +0 leather armour (worn)
 r - a +0 pair of gloves (worn)
Jewellery
 g - an uncursed ring of strength
 h - a ring of ice (left hand)
 i - an uncursed ring of fire
 l - a cursed amulet of regeneration {(Curse: MP-9)}
 m - an amulet of regeneration (around neck)
 s - a cursed ring of wizardry {(Curse: MR-)}
 t - a cursed ring of fire {(Curse: *Tele)}
 u - a ring of slaying (right hand)
 B - an uncursed ring of resist corrosion
 G - a cursed ring of protection {(Curse: MR-)}
 J - an uncursed ring of positive energy
 K - an uncursed ring of ice
Wands
 I - a wand of flame (2)
Scrolls
 e - 5 scrolls of enchantment
 y - a scroll of fog
 z - 3 scrolls of torment
Potions
 k - a potion of cancellation
 n - 3 potions of mutation
 v - 3 potions of curing
 w - 2 potions of might
 x - 2 potions of heal wounds
 D - a potion of berserk rage
 E - a potion of invisibility
Comestibles
 d - 6 rations


   Skills:
 - Level 2.0(1.3) Fighting
 - Level 12.0(11.1) Crossbows
 - Level 8.6(7.9) Dodging
 - Level 1.0(0.3) Stealth
 + Level 0.6(0.0) Translocations


You had 4 spell levels left.
You knew the following spells:

 Your Spells              Type           Power        Failure   Level  Hunger
a - Magic Candle Hex/Fire 0 (90) 34% 1 40-60 b - Portal Projectile Chrm/Tloc      0 (50)       71%         3    120-180

Your spell library contained the following spells:

 Spells                   Type           Power        Failure   Level  Hunger
 Slow Hex 0 (100) 34% 1 40-60 Inner Flame Hex/Fire 0 (100) 71% 3 120-180 Cause Fear Hex 0 (200) 98% 4 200-300 Leda's Liquefaction Tmut/Erth      0 (200)      98%         4    200-300


Dungeon Overview and Level Annotations

Branches:
Dungeon (5/8)              Temple (1/1) D:4
   Lair: D:5

Altars:
Ashenzari
Cheibriados
Dithmenos
Elyvilon
Fedhas Madash
Gozag Ym Sagoz
Hepliaklqana
Kikubaaqudgha
Nemelex Xobeh
Okawaru
Qazlal
Ru
Sif Muna
Trog
Uskayaw
Vehumet
Wu Jian
Xom
Yredelemnul
Zin
The Shining One


Innate Abilities, Weirdness & Mutations

Your horsehide is resilient. (AC +3)
You have a beak for a mouth.
You have a hippogriff-like bottom half; talons in the front, hooves in the back.
Armour fits poorly on your strangely shaped body.
You cover ground very quickly.
You can fly continuously.
Your speed and evasion are boosted while flying.
Your soft flesh is weak to deep cuts.
Heavy manmade armour will nullify this weakness. (rSlashing-)


Message History

The harpy skeleton barely misses you. The harpy skeleton claws you (8)!
You are lacerated severely! x2
You hit the harpy skeleton (1).
She resists.
You burn the harpy skeleton (1). Your kick misses the harpy skeleton.
The harpy skeleton is moderately damaged. (33/46) HP The harpy skeleton closely misses you.
The harpy skeleton claws you (7)!
You are lacerated severely!
The harpy skeleton claws you (2).
You are lacerated severely!
The harpy skeleton claws you (6).
You are lacerated severely!
You barely miss the harpy skeleton. You claw the harpy skeleton (9)!
The harpy skeleton is heavily damaged. (24/46) HP The harpy skeleton barely misses you.
The harpy skeleton claws you (8)!
You are lacerated severely!
* * * LOW HITPOINT WARNING * * *
The harpy skeleton barely misses you. x2
The harpy skeleton claws you (20)!!
You are lacerated severely!
* * * LOW HITPOINT WARNING * * *
The harpy skeleton claws you (4).
You are lacerated severely!
You die...
Fedhas Madash appreciates your contribution to the ecosystem.

#...# #.# ###)#### ##'##### #.#
#..[.... .......# #########'##
#..).... .......####
#..........###..[...) .......'..#
#..........#.'......[ .......##.#
#..........#.#...[...
.......##.###..........#.#...<...
.......##.a.+..........#.#......)
.....).######...@......#.#.......
.......# #...Z......#.#.......
.......# #..........#.#....?..
.......# #..........'.#.......
######## #..........######'###
#..........# #.... #####'######
####. #.## ######### #..#
#.#.....#


You could see a harpy skeleton.

Vanquished Creatures
  A slime creature (D:2)
  2 phantoms (D:4)
  A water moccasin (D:2)
  2 orc warriors (D:4)
  A porcupine (D:4)
  A scorpion (D:3)
  A sky beast (D:5)
  A black bear (D:4)
  An ogre (D:4)
  2 big kobolds (D:2)
  2 howler monkeys (D:4)
  A wight (D:5)
  A llaibwca (D:4)
  An orc priest (D:4)
  3 hounds
  A jelly (D:2)
  A worker ant (D:4)
  4 orc wizards (D:4)
  A water moccasin skeleton (D:4)
  A wyvern skeleton (D:4)
  7 giant cockroaches
  4 adders
  3 gnolls (D:4)
  48 sewer rats (D:2)
  12 cinder newts
  6 worms
  2 bullfrogs
  6 oozes
  6 leopard geckos
  23 orcs
  3 ball pythons
  3 hobgoblins (D:1)
  2 jackals (D:2)
  17 kobolds
  5 bats
  2 goblins (D:1)
  An orc skeleton (D:2)
  A quokka skeleton (D:3)
  10 rats
  A butterfly (D:4)
  A giant blowfly (D:2)
  6 withered plants (D:2)
198 creatures vanquished.

Vanquished Creatures (others)
  2 meliai zombies (D:4)
  A sewer rat (D:2)
  A giant blowfly (D:2)
  3 slimeheads (D:2)
  12 toadstoolion
  68 withered plants (D:2)
87 creatures vanquished.

Grand Total: 285 creatures vanquished

Notes
Turn   | Place    | Note
-------+----------+-------------------------------------------
     0 | D:1      | Leeroy the Tengu Centaur began the quest for the Orb.
     0 | D:1      | Reached XP level 1. HP: 24/24 MP: 2/2
    32 | D:1      | Reached skill level 5 in Crossbows
    32 | D:1      | Reached XP level 2. HP: 16/32 MP: 3/3
   193 | D:1      | Reached skill level 6 in Crossbows
   193 | D:1      | Reached XP level 3. HP: 15/40 MP: 4/4
   775 | D:1      | Reached skill level 7 in Crossbows
   775 | D:1      | Reached XP level 4. HP: 48/48 MP: 5/5
  1375 | D:2      | Reached skill level 8 in Crossbows
  1471 | D:2      | Gained mutation: You can fly continuously. Your speed and
                  | evasion are boosted while flying. [Tengu growth]
  1471 | D:2      | Reached XP level 5. HP: 56/56 MP: 6/6
  1523 | D:2      | Reached skill level 9 in Crossbows
  1581 | D:2      | Reached XP level 6. HP: 64/64 MP: 7/7
  1625 | D:2      | Reached skill level 10 in Crossbows
  1694 | D:2      | Noticed a water moccasin
  2032 | D:2      | Reached skill level 11 in Crossbows
  2032 | D:2      | Reached XP level 7. HP: 70/72 MP: 8/8
  2065 | D:2      | Killed a slime creature
  2065 | D:2      | Reached skill level 12 in Crossbows
  2141 | D:2      | Found a white marble altar of Elyvilon.
  2150 | D:2      | Became a worshipper of Elyvilon the Healer
  2582 | D:2      | Found a white marble altar of Elyvilon.
  2604 | D:2      | Identified a scroll of acquirement
  2616 | D:2      | Reached * piety under Elyvilon
  3016 | D:2      | Reached XP level 8. HP: 78/81 MP: 9/9
  3166 | D:3      | Reached skill level 5 in Dodging
  3396 | D:3      | Reached ** piety under Elyvilon
  3433 | D:3      | Found an ornate altar of the Wu Jian Council.
  3616 | D:3      | Noticed a moth of wrath
  3618 | D:3      | Found a bloodstained altar of Trog.
  3959 | D:3      | Found an ancient bone altar of Kikubaaqudgha.
  3959 | D:3      | Found a hide-covered altar of Uskayaw.
  4279 | D:4      | Found a blossoming altar of Fedhas.
  4382 | D:4      | Fell from the grace of Elyvilon
  4382 | D:4      | Became a worshipper of Fedhas Madash the Flourishing
  4418 | D:4      | Found a staircase to the Ecumenical Temple.
  4425 | Temple   | Entered the Ecumenical Temple
  4592 | D:4      | Identified the +7 hatchet of Sunitaig {antimagic, +Inv
                  | MP+9}
  4718 | D:4      | Reached XP level 9. HP: 43/89 MP: 10/10
  4958 | D:3      | Reached * piety under Fedhas Madash
  5136 | D:5      | Entered Level 5 of the Dungeon
  5304 | D:4      | Learned a level 1 spell: Magic Candle
  5308 | D:4      | Learned a level 3 spell: Portal Projectile
  5487 | D:4      | HP: 2/89 [harpy skeleton (20)]
  5487 | D:4      | Slain by a harpy skeleton

Illustrated notes

Levels and vault maps discovered:
D:1:      wheals_arrival_shading, layout_loops_cross
D:2:      layout_sewer, elyvilon_niche, elyvilon_altar_5
D:3:      layout_layer_cave, marbit_many_paths, tgw_trog,
          gammafunk_temple_overflow_statue, first_ration
D:4:      layout_roguey, minmay_temple_entry_overgrown, grunt_pizzeria,
          fedhas_altar_1
D:5:      layout_rooms, dpeg_oklobed_lair, roderic_serpentine_path, st_stairs_5,
          lemuel_centaur_altar
Temple:   eino_temple_rhombus

Skill      XL: |  1  2  3  4  5  6  7  8  9 |
---------------+----------------------------+-----
Crossbows      | 5 6 7 8 9 11 12 | 12.0
Dodging        | 4 7 8 |  8.6
Fighting       | |  2.0
Stealth        | |  1.0
Translocations | |  0.6

Action                   |  1- 3 |  4- 6 |  7- 9 || total
-------------------------+-------+-------+-------++-------
Melee: Unarmed           |     3 |       |       ||     3
       Kick              |     5 |    19 |    44 ||    68
       Dagger            |    23 |    71 |   126 ||   220
       Tailslap          |     5 |     8 |    13 ||    26
 Fire: Hand crossbow     |    27 |    94 |   254 ||   375
Invok: Fungal Bloom      |       |       |     5 ||     5
 Abil: Fly               |       |     1 |       ||     1
  Use: Scroll            |     1 |       |     4 ||     5
       Potion            |       |       |     1 ||     1
  Eat: Chunk             |       |     2 |     7 ||     9
Armor: Leather armour    |    12 |    25 |    24 ||    61
Dodge: Dodged            |     9 |    20 |    56 ||    85
